 Dungeon Crawl Stone Soup version 0.29-a0-414-g5075937ec3 (webtiles) character file.

Game seed: 10279779931688880518

28 trckry the Charlatan (level 3, -2/29 HPs)
             Began as a Demonspawn Wanderer on May 15, 2022.
             Was an Initiate of Ru.
             Frozen to death by an endoplasm (3 damage)
             ... on level 2 of the Dungeon.
             The game lasted 00:02:59 (1331 turns).

trckry the Charlatan (Demonspawn Wanderer)          Turns: 1331, Time: 00:03:00

Health: -2/29      AC:  9    Str: 13    XL:     3   Next: 0%
Magic:  3/3        EV:  5    Int: 11    God:    Ru [......]
Gold:   93         SH:  0    Dex: 15    Spells: 2/2 levels left

rFire   . . .      SeeInvis .   a - +0 falchion
rCold   . . .      Faith    .   (no shield)
rNeg    . . .      Spirit   .   n - +0 chain mail
rPois   .          Reflect  .   (no helmet)
rElec   .          Harm     .   (no cloak)
rCorr   .          Rampage  .   c - +0 pair of gloves
Will    .....                   (no boots)
Stlth   ..........              (no amulet)
HPRegen 0.09/turn               (no ring)
MPRegen 0.08/turn               (no ring)

@: no status effects
A: powered by pain 1
a: Renounce Religion


You were on level 2 of the Dungeon.
You worshipped Ru.
Ru was noncommittal.
You visited 1 branch of the dungeon, and saw 2 of its levels.

You collected 93 gold pieces.

Inventory:

Hand Weapons
 a - a +0 falchion (weapon)
Armour
 c - a +0 pair of gloves (worn)
 n - a +0 chain mail (worn)
Wands
 b - a wand of paralysis (12) (quivered)
Scrolls
 d - a scroll of blinking
 f - 2 scrolls of vulnerability {unknown}
 i - 2 scrolls of identify {unknown}
 l - a scroll of enchant armour {unknown}
Potions
 g - 3 potions of curing {unknown}
 h - a potion of mutation {unknown}
 j - a potion of magic {unknown}
 k - a potion of flight {unknown}
 m - a potion of haste {unknown}


   Skills:
 - Level 3.0 Fighting
 * Level 2.8 Long Blades
 - Level 1.7 Stealth
 + Level 3.4 Evocations


You had 2 spell levels left.
You didn't know any spells.
Your spell library was empty.

Dungeon Overview and Level Annotations

Branches:
Dungeon (2/15)

Altars:
Ru

Shops:
D:1 :


Innate Abilities, Weirdness & Mutations

You sometimes gain a little power by taking damage.


Message History

You take 1 damage, and have 8/24 hp.
The endoplasm attacks as you move away!
The endoplasm hits you but does no damage.
The endoplasm hits you.
* * * LOW HITPOINT WARNING * * *
You take 2 damage, and have 6/24 hp.
The endoplasm attacks as you move away!
The endoplasm hits you but does no damage.
You hit the endoplasm.
The endoplasm is lightly wounded.
The endoplasm freezes you.
You are frozen.
* * * LOW HITPOINT WARNING * * *
You take 5 damage, and have 1/24 hp.
MASSIVE DAMAGE!!
You hit the endoplasm.
You kill the endoplasm!
The endoplasm hits you but does no damage.
You have reached level 3!
Your experience leads to an increase in your attributes!
Increase (S)trength, (I)ntelligence, or (D)exterity?
You feel stronger. x2
MP restored: 3
Aiming: Paralyse
Press: ? - help, Shift-Dir - straight line, f - endoplasm
Aim: an endoplasm (lightly wounded, chance to affect: 73%)
The endoplasm struggles to resist.
The endoplasm hits you.
* * * LOW HITPOINT WARNING * * *
You take 1 damage, and have 1/29 hp.
Aiming: Paralyse
Press: ? - help, Shift-Dir - straight line, f/p - endoplasm
Aim: an endoplasm (lightly wounded, chance to affect: 73%)
The endoplasm struggles to resist.
The endoplasm hits you but does no damage.
Aiming: Paralyse
Press: ? - help, Shift-Dir - straight line, f/p - endoplasm
Aim: an endoplasm (lightly wounded, chance to affect: 73%)
The endoplasm struggles to resist.
The endoplasm freezes you.
You are frozen.
You die...

### #.# ##.# ..# #. #.#
#.# #@# #.# #J#
#.######r#########
#.................
#.................
#..........)......
#................. ##
#.#+##.#..........
.....#.#.##.##.########


You could see an endoplasm and a rat.

Vanquished Creatures
  A dart slug (D:1)
  2 ball pythons (D:1)
  2 endoplasms
  A giant cockroach (D:1)
  4 goblins
  2 hobgoblins (D:1)
  2 quokkas (D:1)
  3 bats
  3 frilled lizards (D:1)
  3 kobolds (D:1)
  A rat (D:1)
24 creatures vanquished.

Notes
Turn   | Place    | Note
-------+----------+-------------------------------------------
     0 | D:1      | trckry the Demonspawn Wanderer began the quest for the Orb.
     0 | D:1      | trckry set off with the following items: a +0 falchion, a
                  | wand of paralysis (15), a +0 pair of gloves, a scroll of
                  | blinking, a +0 robe
     0 | D:1      | Reached XP level 1. HP: 18/18 MP: 1/1
    24 | D:1      | Found a faded altar of an unknown god.
   172 | D:1      | Prayed at the altar of an unknown god.
   172 | D:1      | Became a worshipper of Ru the Awakened
   527 | D:1      | Gained mutation: You sometimes gain a little power by
                  | taking damage. [demonic ancestry]
   527 | D:1      | Reached XP level 2. HP: 24/24 MP: 2/2
   573 | D:1      | Found Sukaudet's Book Boutique.
  1327 | D:2      | HP: 1/24 [frozen (5)]
  1329 | D:2      | Reached XP level 3. HP: 2/29 MP: 3/3
  1331 | D:2      | Frozen to death by an endoplasm

Illustrated notes

Levels and vault maps discovered:
D:1:      giann_bridges, layout_basic, shapermc_ecumenical_altar_totnotflames,
          serial_shops, nicolae_shop_temple_entry_statues_fountains,
          minmay_heptomino_o4
D:2:      wad_crossroads, layout_basic, serial_shops, shop, shop, uniq_robin,
          uniq_crazy_yiuf_cottage, uniq_jessica

Skill      XL: |  1 |
---------------+----+-----
Long Blades    | 2 |  2.8
Fighting       | |  3.0
Stealth        | |  1.7
Evocations     | |  3.4

Action                   || total
-------------------------++-------
Melee: Falchion          ||    61
Invok: Reject Sacrifices ||     1
Evoke: Wand              ||     3
 Stab: Sleeping          ||     1
Armor: Robe              ||    10
       Chain mail        ||    23
Dodge: Dodged            ||    39

Table legend: (Time is in decaauts)
 A = Elapsed time spent in this place.
 B = Non-inter-level travel time spent in this place.
 C = Inter-level travel time spent in this place.
 D = Time resting spent in this place.
 E = Time spent auto-exploring this place.
 F = Levels seen in this place.
 G = Mean time per level.
                   A        B        C        D        E       F      G
               +--------+--------+--------+--------+--------+-----+--------+
         Total |   1341 |   1327 |     14 |    113 |    983 |   2 |  670.5 |
       Dungeon |   1341 |   1327 |     14 |    113 |    983 |   2 |  670.5 |
               +--------+--------+--------+--------+--------+-----+--------+

Top non-repeatable levels by time:
     D:1: 1265 daAuts
     D:2: 76 daAuts
